 Dungeon Crawl Stone Soup version 0.30-a0-862-g1aabd4f9c5 (webtiles) character file.

Game seed: 11172451465252830112

1538148 Monkooky the Cryomancer (level 27, 224/224 HPs)
             Began as a Human Wanderer on Mar 8, 2023.
             Was the Champion of Ashenzari.
             Escaped with the Orb
             ... and 3 runes on Mar 9, 2023!
             The game lasted 03:48:33 (75687 turns).

Monkooky the Cryomancer (Human Wanderer)           Turns: 75687, Time: 03:48:34

Health: 224/224    AC: 39    Str: 11    XL:     27
Magic:  47/47      EV: 14    Int: 33    God:    Ashenzari [******]
Gold:   1680       SH: 16    Dex: 11    Spells: 24/67 levels left

rFire   + + +      SeeInvis +    O - staff of cold (curse) {Cun, Evo}
rCold   + + +      Faith    .    v - +2 shield of Resistance {rF++ rC++ Will++, Elem, Cun} (curse)
rNeg    + . .      Spirit   .    k - +9 pearl dragon scales "Circumscribed Mistrust" {Harm rPois rF+++ rN+ Dex-2, Cun, Self} (curse)
rPois   +          Reflect  .    I - +2 helmet of the Pangnostic Ordeal {Int+3, Elem, Self} (curse)
rElec   .          Rampage  .    D - +0 cloak of the All-seeing Failure {Cun, Bglg} (curse)
rCorr   .          Archmagi +    e - +2 pair of gloves "Distant Sybil" {Self, Melee} (curse)
Will    +++++      Clarity  +    g - +2 pair of boots of Supernal Gnosis {Fly, Fort, Melee} (curse)
Stlth   ++         Harm     + .  s - amulet of Panopticon {Regen+ Int+2, Alch, Evo} (curse)
HPRegen 0.00/turn                t - ring of the Enigmatic Moon {Wiz, Alch, Elem} (curse)
MPRegen 0.30/turn                S - ring of the Mage {Wiz Archmagi, Self, Elem} (curse)

@: flying, inhibited regen, studying Unarmed Combat
A: strong-willed 1, screaming 1, inhibited regeneration, inability to read after
injury 1
0: Orb of Zot
}: 3/15 runes: decaying, slimy, gossamer
a: Renounce Religion, Shatter the Chains


You escaped.
You worshipped Ashenzari.
Ashenzari was exalted by your worship.
You visited 11 branches of the dungeon, and saw 49 of its levels.
You also visited: Bailey, Gauntlet, Ice Cave, Wizlab and Desolation.

You collected 7451 gold pieces.
You spent 5771 gold pieces at shops.

Inventory:

Missiles
 R - 6 curare-tipped darts
 U - 2 throwing nets
 V - 6 silver javelins
Armour
 e - the cursed +2 pair of gloves "Distant Sybil" (worn) {Self, Melee}
   (You found it on level 1 of the Lair of Beasts)

   It has a curse which improves the following skills: Introspection: Fighting
   and Spellcasting.
   Melee Combat: Short Blades, Long Blades, Axes, Maces & Flails, Polearms,
   Staves and Unarmed Combat.
 g - the cursed +2 pair of boots of Supernal Gnosis (worn) {Fly, Fort, Melee}
   (You found it in a wizard's laboratory)

   It has a curse which improves the following skills: Fortitude: Armour and
   Shields.
   Melee Combat: Short Blades, Long Blades, Axes, Maces & Flails, Polearms,
   Staves and Unarmed Combat.
 k - the cursed +9 pearl dragon scales "Circumscribed Mistrust" (worn) {Harm rPois rF+++ rN+ Dex-2, Cun, Self}
   (You bought it in a shop on level 9 of the Dungeon)

   Dex:       It affects your dexterity (-2).
   rF:        It renders you almost immune to fire.
   rPois:     It protects you from poison.
   rN:        It protects you from negative energy.
   Harm:      It increases damage dealt and taken.
   It has a curse which improves the following skills: Cunning: Dodging and
   Stealth.
   Introspection: Fighting and Spellcasting.
 v - the cursed +2 shield of Resistance (worn) {rF++ rC++ Will++, Elem, Cun}
   (You bought it in a shop on level 1 of the Elven Halls)

   rF:        It greatly protects you from fire.
   rC:        It greatly protects you from cold.
   Will:      It greatly increases your willpower.
   It has a curse which improves the following skills: Elements: Fire Magic, Ice
   Magic, Air Magic and Earth Magic.
   Cunning:   Dodging and Stealth.
 D - the cursed +0 cloak of the All-seeing Failure (worn) {Cun, Bglg}
   (You found it on level 1 of the Lair of Beasts)

   It has a curse which improves the following skills: Cunning: Dodging and
   Stealth.
   Beguiling: Conjurations, Hexes and Translocations.
 I - the cursed +2 helmet of the Pangnostic Ordeal (worn) {Int+3, Elem, Self}
   (You found it on level 1 of the Spider Nest)

   It has a curse which improves the following skills: Elements: Fire Magic, Ice
   Magic, Air Magic and Earth Magic.
   Introspection: Fighting and Spellcasting.
Magical Staves
 O - a cursed staff of cold (weapon) {Cun, Evo}
Jewellery
 s - the cursed amulet of Panopticon (around neck) {Regen+ Int+2, Alch, Evo}
   (You found it in the Desolation of Salt)

   [amulet of regeneration]

   Int:       It affects your intelligence (+2).
   Regen:     It increases your rate of health regeneration.
   It has a curse which improves the following skills: Alchemy: Poison Magic and
   Transmutations.
   Evocations: Evocations.
 t - the cursed ring of the Enigmatic Moon (left hand) {Wiz, Alch, Elem}
   (You found it on level 2 of the Spider Nest)

   [ring of wizardry]

   It improves your spell success rate.
   It has a curse which improves the following skills: Alchemy: Poison Magic and
   Transmutations.
   Elements:  Fire Magic, Ice Magic, Air Magic and Earth Magic.
 w - the amulet of the Four Winds {rN+ Will+++ Clar}
   (You found it in the Desolation of Salt)

   [amulet of nothing]

   rN:        It protects you from negative energy.
   Clar:      It protects you against confusion.
   Will:      It greatly increases your willpower.
 K - a +6 ring of strength
 S - the cursed ring of the Mage (right hand) {Wiz Archmagi, Self, Elem}
   (You took it off a servant of whispers in the Desolation of Salt)

   [ring of wizardry]

   It improves your spell success rate.
   Archmagi:  It increases the power of your magical spells.
   It has a curse which improves the following skills: Introspection: Fighting
   and Spellcasting.
   Elements:  Fire Magic, Ice Magic, Air Magic and Earth Magic.
Wands
 a - a wand of digging (7)
 n - a wand of mindburst (34)
 y - a wand of roots (24)
 A - a wand of light (11)
 W - a wand of paralysis (49)
Scrolls
 d - 4 scrolls of silence
 h - 5 scrolls of amnesia
 j - 15 scrolls of fog
 x - 23 scrolls of teleportation
 z - 11 scrolls of immolation
 B - 6 scrolls of poison
 C - 9 scrolls of vulnerability
 G - 7 scrolls of blinking
 J - 4 scrolls of enchant armour
 N - 3 scrolls of summoning
 T - 7 scrolls of fear
 X - 4 scrolls of magic mapping
Potions
 b - 4 potions of invisibility
 c - 5 potions of berserk rage
 f - 11 potions of might
 i - 21 potions of curing
 l - 9 potions of brilliance
 m - 12 potions of heal wounds
 o - 9 potions of attraction
 p - 3 potions of magic
 q - 7 potions of flight
 E - 9 potions of lignification
 H - 4 potions of resistance
 L - 4 potions of cancellation
 M - 7 potions of haste
 Z - a potion of ambrosia
Miscellaneous
 r - a phial of floods
 u - a box of beasts
 F - a tin of tremorstones (2/2)
 P - a phantom mirror
 Q - a condenser vane


   Skills:
 + Level 14.1(20.3) Fighting
 - Level 8.4(12.4) Staves
 + Level 14.2(16.7) Armour
 + Level 14.5(20.7) Dodging
 - Level 16.4(22.5) Stealth
 + Level 15.3(17.9) Shields
 - Level 14.7(20.8) Spellcasting
 - Level 9.1(11.8) Conjurations
 - Level 8.2 Necromancy
 - Level 6.9(9.6) Translocations
 - Level 21.6(27) Ice Magic
 - Level 9.0(15.1) Air Magic
 - Level 12.0(15.9) Evocations


You had 24 spell levels left.
You knew the following spells:

 Your Spells              Type           Power      Damage    Failure   Level
a - Ozocubu's Refrigerat  Ice            85%        4d26      1%          7
b - Polar Vortex          Ice            85%        N/A       2%          9
c - Frozen Ramparts       Ice            100%       1d16      0%          3
d - Freezing Cloud        Conj/Ice/Air   74%        6-21      1%          5
e - Simulacrum            Ice/Necr       73%        N/A       1%          6
f - Dispel Undead         Necr           93%        3d29      1%          4
g - Ozocubu's Armour      Ice            100%       N/A       0%          3
h - Sublimation of Blood  Necr           93%        N/A       1%          2
i - Passage of Golubria   Tloc           99%        N/A       1%          4

Your spell library contained the following spells:

 Spells                   Type           Power      Damage    Failure   Level
 Freeze                   Ice            100%       1d10      0%          1
 Shock                    Conj/Air       100%       1d9       0%          1
 Hailstorm                Conj/Ice       100%       3d20      0%          3
 Apportation              Tloc           100%       N/A       1%          1
 Kiss of Death            Conj/Necr      100%       2d13      1%          1
 Magic Dart               Conj           100%       1d8       1%          1
 Slow                     Hex            100%       N/A       1%          1
 Sting                    Tmut/Pois      100%       1d8       1%          1
 Blink                    Tloc           100%       N/A       1%          2
 Cigotuvi's Dreadful Rot  Necr/Pois/Air  100%       N/A       1%          2
 Lesser Beckoning         Tloc           100%       N/A       1%          2
 Momentum Strike          Conj/Tloc      100%       3d10      1%          2
 Poisonous Vapours        Pois/Air       100%       N/A       1%          2
 Scorch                   Fire           100%       2d10      1%          2
 Searing Ray              Conj           100%       2d8       1%          2
 Wereblood                Tmut           54%        N/A       1%          2
 Gell's Gravitas          Tloc           99%        N/A       1%          3
 Mephitic Cloud           Conj/Pois/Air  97%        N/A       1%          3
 Teleport Other           Tloc           99%        N/A       1%          3
 Vampiric Draining        Necr           93%        2d12      1%          3
 Airstrike                Air            58%        2d(9-25)  1%          4
 Flame Wave               Conj/Fire      86%        2d18      1%          4
 Ice Form                 Ice/Tmut       100%       N/A       1%          4
 Sticky Flame             Conj/Fire      86%        2d10      1%          4
 Summon Ice Beast         Ice/Summ       100%       N/A       1%          4
 Summon Lightning Spire   Summ/Air       91%        N/A       1%          4
 Lightning Bolt           Conj/Air       55%        1d77      1%          5
 Metabolic Englaciation   Hex/Ice        68%        N/A       1%          5
 Silence                  Hex/Air        45%        N/A       1%          5
 Conjure Ball Lightning   Conj/Air       55%        3x3d20    1%          6
 Call Imp                 Summ           51%        N/A       2%          2
 Anguish                  Hex/Necr       38%        N/A       2%          4
 Ignite Poison            Fire/Tmut/Pois 55%        N/A       3%          3
 Inner Flame              Hex/Fire       55%        N/A       3%          3
 Confusing Touch          Hex            53%        N/A       4%          3
 Spider Form              Tmut/Pois      54%        N/A       4%          3
 Tukima's Dance           Hex            53%        N/A       4%          3
 Dispersal                Tloc           49%        N/A       4%          6
 Summon Forest            Summ/Tloc      39%        N/A       6%          5
 Petrify                  Tmut/Erth      56%        N/A       11%         4
 Olgreb's Toxic Radiance  Pois           54%        N/A       12%         4
 Alistair's Intoxication  Tmut/Pois      36%        N/A       30%         5
 Yara's Violent Unravell  Hex/Tmut       27%        3d12      32%         5
 Summon Mana Viper        Hex/Summ       52%        N/A       36%         5
 Statue Form              Tmut/Erth      37%        N/A       82%         6
 Eringya's Noxious Bog    Tmut/Pois      27%        N/A       83%         6
 Summon Cactus Giant      Summ           25%        N/A       88%         6
 Borgnjor's Revivificati  Necr           46%        N/A       95%         8
 Lehudib's Crystal Spear  Conj/Erth      43%        10d10     99%         8
 Chain Lightning          Conj/Air       55%        3d74      99%         9
 Enfeeble                 Hex            26%        N/A       100%        7
 Monstrous Menagerie      Summ           25%        N/A       100%        7
 Summon Hydra             Summ           25%        N/A       100%        7
 Ignition                 Fire           28%        3d9       100%        8
 Necromutation            Tmut/Necr      38%        N/A       100%        8
 Death's Door             Necr           46%        N/A       100%        9


Dungeon Overview and Level Annotations

Branches:
Dungeon (15/15)            Temple (1/1) D:4            Lair (5/5) D:9
  Swamp (4/4) Lair:2       Spider (4/4) Lair:3        Slime (5/5) Lair:4
    Orc (2/2) D:12            Elf (3/3) Orc:2        Vaults (1/5) D:13
 Depths (4/4) D:15            Zot (5/5) Depths:4     Bailey (visited)
  IceCv (visited)          WizLab (visited)         Desolation (visited)
Gauntlet (visited)

Altars:
Ashenzari
Cheibriados
Dithmenos
Elyvilon
Fedhas
Gozag
Hepliaklqana
Makhleb
Nemelex Xobeh
Okawaru
Qazlal
Ru
Sif Muna
Uskayaw
Vehumet
Wu Jian
Xom
Yredelemnul
Zin
The Shining One
Jiyva
Lugonu

Shops:
D:1 ?   D:2 *   D:9 *   Orc:2 !*((   Elf:1 *[=(   Depths:4 *

Portals:
Hell: Depths:1 Depths:2 Depths:3 Depths:4
Abyss: Lair:5 Depths:2 Depths:3
Pandemonium: Depths:2
Ziggurat: Depths:1
Trove: D:10 (give +4 shadow dragon scales)

Annotations:
D:5 exclusion: downstairs
D:6 exclusion: 2 downstairs
D:9 exclusion: downstairs
Swamp:3 2 transporters, Bipt's ghost, adept TrDe
Spider:3 exclusion: downstairs
Elf:2 3 runed translucent doors
Depths:1 4 transporters


Innate Abilities, Weirdness & Mutations

You are strong-willed. (Will+)
You occasionally shout uncontrollably at your foes.
You do not regenerate when monsters are visible.
You occasionally lose the ability to read scrolls when taking damage.


Message History

There is a stone staircase leading up here.
You can't go down here!
You fly upwards.
There is a stone staircase leading down here.
(D) Dungeon (T) Temple (L) Lair (S) Swamp (N) Spider Nest (M) Slime Pits (O) Orcish Mines (E) Elven Halls (V) Vaults (U) Depths (H) Hell (Z) Zot
Where to? (Enter - D:1, ? - help)
There is an open door here.
HP restored.
Magic restored.
There is a stone staircase leading up here.
You fly upwards.
There is a stone staircase leading down here.
There is a stone staircase leading up here.
You fly upwards.
There is a stone staircase leading down here.
Aiming: Dig
Press: ? - help, Shift-Dir - straight line A rock wall.
This square is covered in magical glow.
The rock shatters into small pieces.
Aiming: Dig
Press: ? - help, Shift-Dir - straight line This square is covered in magical glow.
Okay, then.
Aiming: Dig
Press: ? - help, Shift-Dir - straight line A rock wall.
This square is covered in magical glow.
The rock shatters into small pieces.
A blizzard demon comes into view.
You yell at the blizzard demon!
Okay, then.
Casting: Polar Vortex (dangerous; 2% risk of failure)
Confirm with . or Enter, or press ? or * to list all spells.
Okay, then.
Aiming: Dig
Press: ? - help, Shift-Dir - straight line This square is covered in magical glow.
The rock shatters into small pieces.
There is a staircase leading out of the dungeon here.
You have escaped!

#....##########....#
#....#.♣.P.P♣P#.#.##
#....#..♣♣PPPP#....#
#..#.#PP..♣.♣.#.....
#..#.#.♣.P.PP.......
#....#P.P.P♣.P#.....
#######....#PP.P.P.P#.....
##...#......#.P..P.P.#.##..
##.........@..2...P..P#.##.#
#............#P.♣P♣P♣P#....#
#............#..P..P♣P#.####
#............#P.PPP.♣P#.#
##...>.....#.#P..PPP.P#.#
##...#....#.#P...PPPP#.#
########...#..P....P#.###
#...#PP♣..PPP#...##
#...##########.#...


You could see a blizzard demon.

Vanquished Creatures
  the Royal Jelly (Slime:5)
  3 dread liches (Zot:5)
  An ancient lich (Zot:5)
  5 orbs of fire (Zot:5)
  A juggernaut (Depths:2)
  Bai Suzhen (Elf:3)
  Sojobo (Depths:2)
  the Lernaean hydra (Swamp:4)
  Xtahua (Depths:3)
  8 Killer Klowns (Zot:5)
  3 curse toes
  5 caustic shrikes (Depths:4)
  5 golden dragons
  A bone dragon (Depths:4)
  A Tzitzimitl (Zot:3)
  2 electric golems (Zot:5)
  Cloud Mage (WizLab)
  A hellephant (Depths:3)
  6 tentacled monstrosities
  An Ice Fiend (Zot:2)
  Jorgrun (D:15)
  Rupert (Spider:1)
  26 Orb Guardians
  2 liches
  Mlioglotl (Swamp:4)
  2 quicksilver dragons (Zot:5)
  6 titans
  A deep elf master archer (Elf:3)
  4 death cobs
  A deep elf blademaster (Elf:3)
  3 sphinxes
  24 acid blobs
  Frances (Elf:1)
  4 storm dragons (Zot:4)
  2 tengu reavers (Depths:2)
  7 rockslimes (Slime:5)
  A draconian knight (Zot:5)
  A shadow dragon (Zot:3)
  A fenstrider witch (Swamp:3)
  13 azure jellies
  9 fire giants
  7 frost giants
  7 emperor scorpions
  6 deep elf sorcerers (Elf:3)
  2 vault wardens (Vaults:1)
  An imperial myrmidon (Desolation)
  2 draconian annihilators
  10 ghost moths
  Aizul (Swamp:4)
  2 draconian shifters (Zot:4)
  An iron dragon (Depths:4)
  A spriggan defender (Depths:4)
  4 ghouls (Swamp:2)
  2 draconian scorchers
  8 deep elf elementalists
  An orc warlord (Bailey)
  23 very ugly things
  5 quicksilver oozes
  2 ironbound preservers (Vaults:1)
  A broodmother (Spider:2)
  22 stone giants
  A broodmother (shapeshifter) (Depths:1)
  2 green draconians
  2 deep elf demonologists
  5 vampire knights
  8 deep elf annihilators (Elf:3)
  An eleionoma (Swamp:4)
  Azrael (D:15)
  5 bunyips
  A halazid warlock (Desolation)
  4 purple draconians
  10 spark wasps
  3 red draconians
  A minotaur (Gauntlet)
  3 yellow draconians
  3 white draconians
  A green death (Depths:4)
  7 deep elf death magi
  2 blizzard demons (WizLab)
  Josephine (Orc:2)
  10 fire dragons
  10 ettins
  4 entropy weavers
  2 deep elf high priests (Elf:3)
  7 great orbs of eyes
  2 yaktaur captains
  5 crystal guardians
  6 ragged hierophants (Desolation)
  11 ice dragons
  6 peacekeepers
  8 servants of whispers (Desolation)
  4 ghost crabs (WizLab)
  3 salamander tyrants
  An ogre mage (D:15)
  An anaconda (Swamp:2)
  3 rakshasas
  2 hell beasts
  10 spriggan air magi
  7 boulder beetles
  20 hydras
  8 centaur warriors
  A catoblepas (Lair:4)
  A death knight (D:14)
  13 two-headed ogres
  20 dancing weapons
  A radroach (Spider:3)
  3 death yaks (Lair:2)
  6 tengu warriors
  10 alligators
  A death scarab (Gauntlet)
  3 hell hogs
  11 deep troll earth magi
  A vampire mage (Depths:4)
  A thrashing horror (Lair:5)
  8 spriggan berserkers
  An orc high priest (Elf:1)
  6 deep troll shamans
  A sun demon (Depths:1)
  Urug (Lair:2)
  31 hell knights
  4 shock serpents (WizLab)
  A skyshark (Lair:4)
  15 deep elf knights
  2 sixfirhies
  Amaemon (D:8)
  6 goliath frogs
  3 soul eaters
  3 salamander mystics
  3 skeletal warriors (D:11)
  12 iron trolls
  2 large abominations (Lair:5)
  4 spriggan druids
  9 pharaoh ants
  A sun moth (Spider:3)
  14 deep trolls
  3 glowing orange brains
  6 death drakes (WizLab)
  16 deep elf archers
  4 bog bodies
  9 orb spiders
  13 swamp dragons
  An orange crystal statue (Depths:3)
  4 steelbarb worms
  10 orc knights
  A steelbarb worm (shapeshifter) (D:15)
  7 necromancers
  6 wizards
  36 deep elf zephyrmancers
  7 ironbound convokers
  32 deep elf pyromancers
  20 wolf spiders
  A human zombie (Vaults:1)
  7 salamanders
  A manticore (shapeshifter) (Elf:2)
  36 ugly things
  3 elephants
  A salamander (shapeshifter) (Lair:5)
  5 will-o-the-wisps
  5 cyclopes
  5 shining eyes
  20 moths of wrath
  Joseph (D:8)
  An ice statue (IceCv)
  2 manticores
  3 guardian serpents (Desolation)
  A stone giant skeleton (Vaults:1)
  14 demonic crawlers
  An eye of devastation (Gauntlet)
  6 black mambas
  8 cane toads
  2 vault sentinels (Vaults:1)
  2 torpor snails (Spider:3)
  4 apocalypse crabs (WizLab)
  A molten gargoyle (Vaults:1)
  An orange demon (D:8)
  4 smoke demons
  5 yaktaurs
  2 gargoyles
  6 komodo dragons
  An unseen horror (D:13)
  3 rime drakes
  3 efreet
  2 freezing wraiths
  3 tengu conjurers
  2 kobold demonologists
  9 trolls
  12 polar bears
  2 ancient zymes (Lair:5)
  8 tyrant leeches
  24 tarantellas
  10 hornets
  A meliai (Lair:3)
  2 bloated husks
  45 saltlings
  7 wind drakes (WizLab)
  38 slime creatures
  A dream sheep (shapeshifter) (Elf:2)
  Sigmund (D:2)
  28 blink frogs
  A spectral black mamba (Gauntlet)
  11 air elementals
  19 culicivoras
  12 flying skulls (Gauntlet)
  17 jumping spiders
  2 ynoxinuls (Lair:5)
  3 water elementals
  4 spriggans (Depths:4)
  35 yaks
  A vampire (D:13)
  6 wyverns
  7 basilisks
  4 wraiths
  A shadow (D:12)
  Eustachio (D:5)
  6 fire elementals
  A steam dragon (D:9)
  9 vampire mosquitoes
  47 redbacks
  A basilisk (shapeshifter) (Lair:5)
  2 chaos spawn (Lair:5)
  10 wargs
  19 swamp worms
  11 water moccasins
  3 acid dragons
  3 floating eyes
  5 hell hounds (D:15)
  8 swamp drakes
  2 sky beasts (D:8)
  7 black bears
  49 orc warriors
  An ice beast (D:6)
  16 wolves
  8 centaurs
  13 ogres
  13 small abominations
  4 phantoms
  9 bullfrogs
  4 kobold brigands
  3 earth elementals (Elf:2)
  A gnoll sergeant (D:9)
  A human skeleton (Vaults:1)
  6 scorpions
  12 wights
  2 troll zombies (D:12)
  10 killer bees
  2 electric eels (Spider:4)
  A howler monkey (D:5)
  5 hounds
  3 jellies
  11 orc priests
  8 iguanas
  Jessica (D:2)
  A gnoll bouda (D:8)
  28 orc wizards
  6 ogre zombies (D:12)
  17 gnolls
  6 adders
  2 white imps (D:6)
  2 worms
  A dart slug (D:2)
  90 orcs
  4 endoplasms
  3 giant cockroaches
  17 goblins
  15 hobgoblins
  13 jackals
  3 quokkas
  4 ball pythons
  7 bats
  2 frilled lizards (D:1)
  A goblin skeleton (D:12)
  A goblin zombie (D:12)
  3 hobgoblin zombies (D:12)
  23 kobolds
  6 orc skeletons (D:12)
  5 orc zombies (D:12)
  9 rats
  A spectral goblin (D:15)
  3 bushes (Lair:1)
1898 creatures vanquished.

Vanquished Creatures (collateral kills)
  A dire elephant (Gauntlet)
  A hydra (Lair:5)
  9 death yaks
  A thrashing horror (Lair:5)
  A black mamba (Lair:5)
  2 elephants
  An ugly thing (D:12)
  3 cane toads (Lair:5)
  2 polar bears (IceCv)
  2 blink frogs (Lair:5)
  13 yaks
  2 redbacks (Spider:1)
  3 water moccasins (Lair:5)
  6 wolves (IceCv)
  A bullfrog (Lair:2)
  An orc wizard (D:12)
  A goblin skeleton (D:12)
  A hobgoblin skeleton (D:12)
  2 orc skeletons (D:12)
  5 orc zombies (D:12)
58 creatures vanquished.

Vanquished Creatures (others)
  A saltling (Desolation)
  A water elemental (Elf:2)
  A bush (Lair:1)
  6 foxfires (Swamp:4)
  53 fungi
  55 plants
117 creatures vanquished.

Grand Total: 2073 creatures vanquished

Notes
Turn   | Place    | Note
-------+----------+-------------------------------------------
     0 | D:1      | Monkooky the Human Wanderer began the quest for the Orb.
     0 | D:1      | Monkooky set off with the following items: a +0 club, a
                  | piece from Xom's chessboard (15/15), a potion of berserk
                  | rage, a +0 chain mail; and the following spells available
                  | to memorise: Momentum Strike, Searing Ray.
     0 | D:1      | Reached XP level 1. HP: 13/13 MP: 4/4
    80 | D:1      | Reached skill level 1 in Conjurations
   154 | D:1      | Reached XP level 2. HP: 19/19 MP: 6/6
   157 | D:1      | Learned a level 2 spell: Momentum Strike
   160 | D:1      | Learned a level 2 spell: Searing Ray
   554 | D:1      | Found The Oracle's Delphic Readings.
   564 | D:1      | Bought a scroll of noise for 11 gold pieces
   604 | D:1      | Reached XP level 3. HP: 24/24 MP: 3/7
   608 | D:1      | Learned a level 3 spell: Frozen Ramparts
   891 | D:2      | Found Qexzypto's General Store.
   936 | D:2      | Reached skill level 1 in Ice Magic
   941 | D:2      | Reached XP level 4. HP: 24/30 MP: 0/9
  1163 | D:2      | Reached skill level 2 in Ice Magic
  1443 | D:2      | Noticed Sigmund
  1475 | D:2      | Killed Sigmund
  1476 | D:2      | Reached skill level 4 in Ice Magic
  1476 | D:2      | Reached XP level 5. HP: 28/35 MP: 0/10
  1476 | D:2      | Reached XP level 6. HP: 33/41 MP: 0/11
  1734 | D:2      | Noticed Jessica
  1738 | D:2      | Killed Jessica
  1739 | D:2      | Reached skill level 5 in Ice Magic
  3019 | D:4      | Noticed an ogre
  3029 | D:4      | Killed an ogre
  3030 | D:4      | Reached XP level 7. HP: 46/46 MP: 1/12
  3084 | D:3      | Learned a level 5 spell: Freezing Cloud
  3164 | D:4      | Reached skill level 1 in Air Magic
  3390 | D:4      | Found a staircase to the Ecumenical Temple.
  3398 | Temple   | Entered the Ecumenical Temple
  3849 | D:5      | Entered Level 5 of the Dungeon
  4066 | D:5      | Reached XP level 8. HP: 52/52 MP: 2/13
  4067 | D:5      | Noticed Eustachio
  4088 | D:5      | Reached skill level 6 in Ice Magic
  4092 | D:5      | Killed Eustachio
  4449 | D:5      | Reached skill level 5 in Conjurations
  4618 | D:5      | Found a broken altar of Ashenzari.
  4683 | D:5      | Reached skill level 5 in Air Magic
  4727 | D:5      | Became a worshipper of Ashenzari the Shackled
  4873 | D:5      | Found a hazy altar of Hepliaklqana.
  4960 | D:5      | Reached XP level 9. HP: 53/57 MP: 1/14
  5604 | D:6      | Reached skill level 7 in Ice Magic
  5974 | D:1      | Bought a scroll of blinking for 82 gold pieces
  6377 | D:7      | Reached XP level 10. HP: 53/63 MP: 12/17
  6441 | D:7      | Noticed a gargoyle
  6533 | D:7      | Killed a gargoyle
  6749 | D:7      | Reached * piety under Ashenzari
  6891 | D:7      | Reached skill level 5 in Spellcasting
  8019 | D:8      | Reached ** piety under Ashenzari
  8447 | D:8      | Noticed an orange demon
  8450 | D:8      | Killed an orange demon
  8451 | D:8      | Reached skill level 8 in Ice Magic
  8496 | D:8      | Noticed Amaemon
  8503 | D:8      | Killed Amaemon
  8504 | D:8      | Reached XP level 11. HP: 68/68 MP: 10/19
  8660 | D:8      | Noticed Joseph
  8663 | D:8      | Killed Joseph
  8813 | D:8      | Learned a level 6 spell: Simulacrum
  8907 | D:8      | Found an iron altar of Okawaru.
  9188 | D:8      | Found a radiant altar of Vehumet.
  9370 | D:8      | Learned a level 4 spell: Dispel Undead
  9419 | D:9      | Reached skill level 1 in Necromancy
  9647 | D:9      | Found a flagged portal.
  9828 | Bailey   | Entered a bailey
 10024 | Bailey   | Noticed an orc knight
 10030 | Bailey   | Killed an orc knight
 10198 | Bailey   | Reached skill level 5 in Necromancy
 10359 | Bailey   | Reached *** piety under Ashenzari
 10503 | Bailey   | Noticed an orc warlord
 10504 | Bailey   | Noticed an orc knight
 10515 | Bailey   | Killed an orc warlord
 10526 | Bailey   | Killed an orc knight
 10736 | Bailey   | Identified the +11 scimitar of Trauma {heavy, rN+}
 10737 | Bailey   | Identified a scroll of acquirement
 10769 | Bailey   | Acquired a staff of cold
 11001 | D:9      | Noticed a two-headed ogre
 11008 | D:9      | Killed a two-headed ogre
 11237 | D:2      | Bought 3 curare-tipped darts for 39 gold pieces
 11435 | D:9      | Reached XP level 12. HP: 83/83 MP: 10/21
 11615 | D:9      | Reached skill level 5 in Fighting
 11720 | D:9      | Found a staircase to the Lair.
 11834 | D:9      | Found Xynilesodi's Assorted Antiques.
 12012 | D:10     | Entered Level 10 of the Dungeon
 12191 | D:10     | Reached **** piety under Ashenzari
 12315 | D:10     | Reached skill level 1 in Dodging
 12418 | D:10     | Noticed a two-headed ogre
 12864 | D:10     | Killed a two-headed ogre
 12920 | D:10     | Found a portal to a secret trove of treasure.
 12963 | D:11     | Noticed a two-headed ogre
 12967 | D:11     | Killed a two-headed ogre
 12968 | D:11     | Reached skill level 5 in Dodging
 13061 | D:11     | Noticed a skeletal warrior
 13070 | D:11     | Killed a skeletal warrior
 13120 | D:11     | Noticed a skeletal warrior
 13126 | D:11     | Killed a skeletal warrior
 13134 | D:11     | Noticed a skeletal warrior
 13142 | D:11     | Killed a skeletal warrior
 13273 | D:11     | Found a gate leading to a gauntlet.
 13277 | Gauntlet | Entered a Gauntlet
 13277 | Gauntlet | Found a transporter.
 13292 | Gauntlet | Identified the ring of Tism {rPois rF+ Str-5 Int+3}
 13294 | Gauntlet | Found a transporter.
 13296 | Gauntlet | Found a transporter.
 13297 | Gauntlet | Found a transporter.
 13304 | Gauntlet | Noticed a death scarab
 13305 | Gauntlet | Found a transporter.
 13305 | Gauntlet | Identified the +1 ring mail of the Locust {Stlth+}
 13308 | Gauntlet | Found a transporter.
 13309 | Gauntlet | Found a transporter.
 13317 | Gauntlet | Found a runed translucent door.
 13321 | Gauntlet | Found a transporter.
 13322 | Gauntlet | Found a transporter.
 13329 | Gauntlet | Noticed a dire elephant
 13330 | Gauntlet | Found a transporter.
 13333 | Gauntlet | Found a transporter.
 13334 | Gauntlet | Found a transporter.
 13340 | Gauntlet | Found a runed translucent gate.
 13342 | Gauntlet | Found a transporter.
 13343 | Gauntlet | Found a runed translucent gate.
 13344 | Gauntlet | Found a runed translucent gate.
 13366 | Gauntlet | Found a transporter.
 13490 | Gauntlet | Killed a death scarab
 13642 | Gauntlet | Killed a dire elephant
 13643 | Gauntlet | Reached skill level 9 in Ice Magic
 13808 | Gauntlet | Reached XP level 13. HP: 32/93 MP: 14/22
 13809 | Gauntlet | Reached skill level 10 in Ice Magic
 14050 | Gauntlet | Identified the +1 ring mail of Ybrell {Str+4}
 14050 | Gauntlet | Noticed a minotaur
 14060 | Gauntlet | Killed a minotaur
 14345 | D:11     | Reached ***** piety under Ashenzari
 14388 | D:11     | Reached skill level 11 in Ice Magic
 15443 | D:12     | Noticed a centaur warrior
 15447 | D:12     | Killed a centaur warrior
 15454 | D:12     | Reached skill level 12 in Ice Magic
 15569 | D:12     | Found a staircase to the Orcish Mines.
 15997 | D:12     | Learned a level 3 spell: Ozocubu's Armour
 16779 | Lair:1   | Entered Level 1 of the Lair of Beasts
 17807 | Lair:2   | Found a staircase to the Swamp.
 18058 | Lair:2   | Reached XP level 14. HP: 80/99 MP: 2/27
 18093 | Lair:2   | Learned a level 7 spell: Ozocubu's Refrigeration
 18488 | Lair:2   | Noticed Urug
 18490 | Lair:2   | Killed Urug
 19110 | Lair:3   | Reached skill level 13 in Ice Magic
 19124 | Lair:3   | Found a frozen archway.
 19238 | IceCv    | Entered an ice cave
 19499 | IceCv    | Reached skill level 14 in Ice Magic
 20900 | IceCv    | Noticed a frost giant
 20907 | IceCv    | Killed a frost giant
 21019 | IceCv    | Identified the Folio of the Iceberg
 21193 | Lair:3   | Found a hole to the Spider Nest.
 21390 | Lair:3   | Reached skill level 5 in Evocations
 21491 | Lair:3   | Identified the +6 scale mail "Haof" {rN++}
 22087 | Lair:4   | Found a staircase to the Slime Pits.
 22088 | Lair:4   | Found a viscous altar of Jiyva.
 22116 | Lair:4   | Reached XP level 15. HP: 105/105 MP: 4/28
 23008 | Lair:5   | Entered Level 5 of the Lair of Beasts
 23021 | Lair:4   | Reached skill level 15 in Ice Magic
 23477 | Lair:5   | Reached skill level 16 in Ice Magic
 23821 | Lair:5   | Reached skill level 10 in Spellcasting
 24419 | Lair:5   | Found a corrupted altar of Lugonu.
 24419 | Lair:5   | Found a one-way gate to the infinite horrors of the Abyss.
 25545 | Orc:1    | Entered Level 1 of the Orcish Mines
 26324 | Orc:2    | Entered Level 2 of the Orcish Mines
 26903 | Orc:2    | Found a staircase to the Elven Halls.
 27174 | Orc:2    | Found Huem's Weapon Boutique.
 27174 | Orc:2    | Found Epoveorph's Antique Weapon Emporium.
 27350 | Orc:2    | Noticed Josephine
 27361 | Orc:2    | Killed Josephine
 27362 | Orc:2    | Reached XP level 16. HP: 85/111 MP: 1/31
 27679 | Orc:2    | Reached skill level 17 in Ice Magic
 28750 | Orc:2    | Found Ziqunlun's Distillery.
 28750 | Orc:2    | Found Jeneapt's General Store.
 29195 | D:13     | Learned a level 2 spell: Sublimation of Blood
 29425 | D:13     | Found a gate to the Vaults.
 29951 | D:13     | Found the +3 salamander hide armour {Flames, rFlCloud rF++
                  | rC--}
 30036 | D:13     | Acquired 1053 gold pieces
 30199 | D:9      | Bought fading pearl dragon scales for 2898 gold pieces
 30199 | D:9      | Identified the +9 pearl dragon scales of Wasted Space {Harm
                  | rPois rF+++ rN+ Dex-2} (You bought it in a shop on level 9
                  | of the Dungeon)
 30377 | Spider:1 | Entered Level 1 of the Spider Nest
 31094 | Spider:1 | Reached skill level 18 in Ice Magic
 31412 | Spider:1 | Learned a level 9 spell: Polar Vortex
 31958 | Spider:1 | Noticed Rupert
 31961 | Spider:1 | Killed Rupert
 32658 | Spider:2 | Reached skill level 19 in Ice Magic
 32845 | Spider:2 | Reached XP level 17. HP: 116/116 MP: 25/33
 36225 | Spider:4 | Entered Level 4 of the Spider Nest
 38220 | Spider:4 | Found a hide-covered altar of Uskayaw.
 38494 | Spider:4 | Reached skill level 10 in Armour
 38800 | Spider:4 | Reached skill level 20 in Ice Magic
 38800 | Spider:4 | Reached XP level 18. HP: 129/129 MP: 20/36
 39253 | Spider:4 | Got a gossamer rune of Zot
 40315 | D:14     | Found a sacrificial altar of Ru.
 40904 | D:14     | Reached ****** piety under Ashenzari
 41106 | D:15     | Entered Level 15 of the Dungeon
 41109 | D:15     | Noticed Jorgrun
 41111 | D:15     | Killed Jorgrun
 41112 | D:15     | Reached skill level 1 in Shields
 41475 | D:15     | Found a stormy altar of Qazlal.
 41486 | D:15     | Noticed Azrael
 41488 | D:15     | Killed Azrael
 42208 | Elf:1    | Entered Level 1 of the Elven Halls
 42562 | Elf:1    | Found a radiant altar of Vehumet.
 42565 | Elf:1    | Reached skill level 5 in Shields
 43425 | D:15     | Found a staircase to the Depths.
 43697 | D:15     | Identified the +8 arbalest of Run Mant {heavy, rElec rPois
                  | rC+}
 44658 | D:15     | Found a hazy altar of Hepliaklqana.
 44945 | Swamp:1  | Entered Level 1 of the Swamp
 45706 | Swamp:1  | Reached XP level 19. HP: 138/138 MP: 24/39
 46684 | Swamp:2  | Reached skill level 10 in Shields
 47265 | Swamp:3  | Noticed Bipt's ghost (adept TrDe)
 47279 | Swamp:3  | Found a transporter.
 47282 | Swamp:3  | Found a transporter.
 47357 | Swamp:3  | Identified the +1 scale mail "Dyph" {rPois Dex+2}
 48146 | Swamp:3  | Noticed a tentacled monstrosity
 48152 | Swamp:3  | Killed a tentacled monstrosity
 48692 | Swamp:4  | Entered Level 4 of the Swamp
 48845 | Swamp:4  | Identified the Grimoire of the Assembled Fairies
 49711 | Swamp:4  | Noticed Mlioglotl
 49716 | Swamp:4  | Killed Mlioglotl
 50362 | Swamp:4  | Noticed Aizul
 50371 | Swamp:4  | Killed Aizul
 50436 | Swamp:4  | Noticed the 27-headed Lernaean hydra
 50438 | Swamp:4  | Killed the 27-headed Lernaean hydra
 50567 | Swamp:4  | Reached skill level 10 in Fighting
 50933 | Swamp:4  | Got a decaying rune of Zot
 51310 | Vaults:1 | Entered Level 1 of the Vaults
 51449 | Vaults:1 | Reached skill level 1 in Staves
 51577 | Vaults:1 | Found a crumbling gateway.
 51581 | Desolati | Entered the Desolation of Salt
 51588 | Desolati | Reached XP level 20. HP: 137/162 MP: 24/42
 52129 | Desolati | Identified the ring "Fukhlion" {Fly rF+ Dex+3}
 52337 | Desolati | Identified the +0 scale mail "Ihievos" {Fly rF+ Int+3
                  | Dex-2}
 52486 | Desolati | Identified the +1 leather armour of Paranoia {MP+9 Str+3
                  | SInv}
 52487 | Desolati | Identified the +6 great sword of Impatience {antimagic,
                  | rF+}
 52487 | Desolati | Identified the amulet "Disomu" {Regen+ Int+2}
 52623 | Desolati | Found the amulet of the Four Winds {rN+ Will+++ Clar}
 52627 | Desolati | Identified the +10 longbow of Growth {freeze, rElec}
 53745 | Vaults:1 | Reached skill level 21 in Ice Magic
 54996 | Elf:1    | Found Ageusidu's Antique Weapon Boutique.
 55101 | Elf:1    | Found Ruhuz's Antique Armour Shoppe.
 55151 | Elf:1    | Reached XP level 21. HP: 166/166 MP: 13/43
 55249 | Elf:1    | Noticed Frances
 55252 | Elf:1    | Killed Frances
 55495 | Elf:1    | Found Noseole's Assorted Antiques.
 55674 | Elf:1    | Found Neisaj's Jewellery Boutique.
 55976 | Elf:2    | Paralysed by an air elemental for 1 turns
 57110 | Elf:2    | Found a runed translucent gate.
 57111 | Elf:2    | Found a runed translucent gate.
 57111 | Elf:2    | Found a runed translucent gate.
 58143 | Elf:3    | Entered Level 3 of the Elven Halls
 58602 | Elf:3    | Paralysed by an air elemental for 1 turns
 59287 | Elf:3    | Identified the ring "Roenough" {rPois rF- Will+ Dex+7}
 59395 | Elf:3    | Reached XP level 22. HP: 114/182 MP: 26/46
 59397 | Elf:3    | Reached skill level 10 in Dodging
 59729 | Elf:3    | Identified the +3 spear of Nylolam {vamp, rN+}
 60043 | Elf:3    | Identified the Folio of Unclean Blows
 60142 | Elf:3    | Identified the +5 hand axe of Destruction {speed, rF- rN+
                  | Int+3}
 60196 | Elf:3    | Identified the +5 dire flail "Evyvigipn" {pain, rElec rF+
                  | rN+ Int+3}
 60351 | Elf:3    | Noticed Bai Suzhen
 60360 | Elf:3    | Killed Bai Suzhen
 60873 | Slime:1  | Entered Level 1 of the Pits of Slime
 61347 | Slime:4  | Gained mutation: You are clumsy. (Dex -2) [a shining eye]
 61352 | Slime:5  | Entered Level 5 of the Pits of Slime
 61395 | Slime:5  | Noticed the Royal Jelly
 61397 | Slime:5  | Gained mutation: Your body sometimes deteriorates upon
                  | taking damage. [a shining eye]
 61401 | Slime:5  | Killed the Royal Jelly
 61557 | Slime:5  | Identified the +6 hand axe "Jemo" {freeze, rPois Str+2}
 61563 | Slime:5  | Found the +8 demon trident "Rift" {distort, reach+}
 61563 | Slime:5  | Identified the +2 rapier of Fedhas's Grace {drain, Will+}
 61563 | Slime:5  | Identified the +2 robe of Proximity {Rampage Str+3 Stlth-}
 61585 | Slime:5  | Gained mutation: You passively map a small area around you.
                  | [a shining eye]
 61674 | Slime:5  | Identified the +0 helmet of Hedge Wizardry {+Blink rC++
                  | Str+3}
 61784 | Slime:5  | Got a slimy rune of Zot
 62374 | Elf:1    | Bought the +2 shield of Resistance {rF++ rC++ Will++} for
                  | 1833 gold pieces
 62374 | Elf:1    | Found the +2 shield of Resistance {rF++ rC++ Will++}
 62574 | Depths:1 | Entered Level 1 of the Depths
 62574 | Depths:1 | Found a transporter.
 62586 | Depths:1 | Reached XP level 23. HP: 189/189 MP: 19/47
 62594 | Depths:1 | Found a gateway to Hell.
 62768 | Depths:1 | Found a transporter.
 62770 | Depths:1 | Found a transporter.
 62774 | Depths:1 | Found a transporter.
 62780 | Depths:1 | Found a transporter.
 62780 | Depths:1 | Found a transporter.
 62793 | Depths:1 | Found a magical portal.
 62811 | WizLab   | Entered The Chambers of the Cloud Mage
 62816 | WizLab   | Paralysed by an air elemental for 1 turns
 63249 | WizLab   | Paralysed by an air elemental for 1 turns
 63253 | WizLab   | Noticed Agisa
 63262 | WizLab   | Killed Agisa the Cloud Mage
 63515 | WizLab   | Identified the Secrets of the Squall
 63641 | Depths:1 | Found a one-way gateway to a ziggurat.
 64984 | Depths:2 | Noticed a golden dragon
 64990 | Depths:2 | Killed a golden dragon
 65368 | Depths:2 | Noticed Sojobo
 65389 | Depths:2 | Killed Sojobo
 65460 | Depths:2 | Noticed a juggernaut
 65464 | Depths:2 | Killed a juggernaut
 65827 | Depths:2 | Noticed a golden dragon
 65835 | Depths:2 | Reached skill level 10 in Evocations
 65838 | Depths:2 | Killed a golden dragon
 65844 | Depths:2 | Reached XP level 24. HP: 100/199 MP: 14/47
 65845 | Depths:2 | Identified the +0 scale mail of Uban Suz {Harm rF+ Int-3}
 66392 | Depths:2 | Reached skill level 5 in Staves
 66657 | Depths:2 | Found a one-way gate leading to the halls of Pandemonium.
 67391 | Depths:3 | Noticed Xtahua
 67392 | Depths:3 | Paralysed by Xtahua for 2 turns
 67396 | Depths:3 | Killed Xtahua
 68208 | Depths:3 | Found a snail-covered altar of Cheibriados.
 68219 | Depths:3 | Learned a level 4 spell: Passage of Golubria
 68348 | Depths:4 | Entered Level 4 of the Depths
 68359 | Depths:4 | Reached skill level 1 in Translocations
 68676 | Depths:4 | Reached skill level 5 in Translocations
 68797 | Depths:4 | Found Idirghem's Gadget Gallery.
 68842 | Depths:4 | Noticed a caustic shrike
 68843 | Depths:4 | Noticed a caustic shrike
 68844 | Depths:4 | Noticed a caustic shrike
 68845 | Depths:4 | Noticed a caustic shrike
 68849 | Depths:4 | Killed a caustic shrike
 68852 | Depths:4 | Killed a caustic shrike
 68853 | Depths:4 | Killed a caustic shrike
 69129 | Depths:4 | Reached skill level 1 in Stealth
 69130 | Depths:4 | Reached XP level 25. HP: 208/208 MP: 39/47
 69371 | Depths:4 | Noticed a caustic shrike
 69375 | Depths:4 | Killed a caustic shrike
 69382 | Depths:4 | Killed a caustic shrike
 69480 | Depths:4 | Reached skill level 5 in Stealth
 69881 | Depths:4 | Found a gate to the Realm of Zot.
 70004 | Zot:1    | Entered Level 1 of the Realm of Zot
 70394 | Zot:2    | Acquired 838 gold pieces
 70530 | Zot:3    | Reached skill level 10 in Stealth
 71399 | Zot:4    | Noticed a curse toe
 71450 | Zot:4    | Killed a curse toe
 71520 | Zot:5    | Entered Level 5 of the Realm of Zot
 72254 | Zot:5    | Reached XP level 26. HP: 194/215 MP: 38/47
 72289 | Zot:5    | Noticed a curse toe
 72298 | Zot:5    | Killed a curse toe
 72413 | Zot:5    | Noticed an orb of fire
 72413 | Zot:5    | Noticed a dread lich
 72413 | Zot:5    | Noticed a Killer Klown
 72414 | Zot:5    | Noticed an orb of fire
 72415 | Zot:5    | Reached skill level 15 in Stealth
 72415 | Zot:5    | Noticed an orb of fire
 72416 | Zot:5    | Noticed an ancient lich
 72417 | Zot:5    | Gained mutation: Your spells are a little easier to cast,
                  | but a little less powerful. [an orb of fire]
 72418 | Zot:5    | Killed an orb of fire
 72419 | Zot:5    | Killed an orb of fire
 72419 | Zot:5    | Noticed a Killer Klown
 72420 | Zot:5    | Noticed a dread lich
 72421 | Zot:5    | Killed a dread lich
 72421 | Zot:5    | Noticed an orb of fire
 72422 | Zot:5    | Noticed a Killer Klown
 72424 | Zot:5    | Noticed a Killer Klown
 72425 | Zot:5    | Noticed an orb of fire
 72426 | Zot:5    | Noticed a Killer Klown
 72429 | Zot:5    | Gained mutation: You are weak. (Str -2) [an orb of fire]
 72430 | Zot:5    | Gained mutation: Armour fits poorly on your strangely
                  | shaped body. [an orb of fire]
 72433 | Zot:5    | Killed a Killer Klown
 72440 | Zot:5    | Gained mutation: Your body often deteriorates upon taking
                  | damage. [an orb of fire]
 72443 | Zot:5    | Killed an orb of fire
 72443 | Zot:5    | Gained mutation: Your magical capacity is low. (-10% MP)
                  | [an orb of fire]
 72448 | Zot:5    | Killed an orb of fire
 72451 | Zot:5    | Killed a Killer Klown
 72480 | Zot:5    | Lost mutation: You are clumsy. (Dex -2) [potion of
                  | mutation]
 72480 | Zot:5    | Lost mutation: Your body often deteriorates upon taking
                  | damage. [potion of mutation]
 72480 | Zot:5    | Gained mutation: Your spells are easier to cast, but less
                  | powerful. [potion of mutation]
 72481 | Zot:5    | Lost mutation: Your spells are easier to cast, but less
                  | powerful. [potion of mutation]
 72481 | Zot:5    | Lost mutation: Your body sometimes deteriorates upon taking
                  | damage. [potion of mutation]
 72481 | Zot:5    | Lost mutation: Armour fits poorly on your strangely shaped
                  | body. [potion of mutation]
 72481 | Zot:5    | Gained mutation: You possess an exceptional clarity of
                  | mind. [potion of mutation]
 72481 | Zot:5    | Gained mutation: Your body sometimes deteriorates upon
                  | taking damage. [potion of mutation]
 72482 | Zot:5    | Lost mutation: You passively map a small area around you.
                  | [potion of mutation]
 72482 | Zot:5    | Lost mutation: Your magical capacity is low. (-10% MP)
                  | [potion of mutation]
 72482 | Zot:5    | Lost mutation: Your body sometimes deteriorates upon taking
                  | damage. [potion of mutation]
 72482 | Zot:5    | Gained mutation: You are strong-willed. (Will+) [potion of
                  | mutation]
 72482 | Zot:5    | Gained mutation: You have hidden genetic potential. [potion
                  | of mutation]
 72838 | D:11     | Lost mutation: You possess an exceptional clarity of mind.
                  | [potion of mutation]
 72838 | D:11     | Lost mutation: You have hidden genetic potential. [potion
                  | of mutation]
 73060 | Lair:4   | Lost mutation: Your spells are a little easier to cast, but
                  | a little less powerful. [potion of mutation]
 73060 | Lair:4   | Lost mutation: You are weak. (Str -2) [potion of mutation]
 73060 | Lair:4   | Gained mutation: You occasionally lose the ability to read
                  | scrolls when taking damage. [potion of mutation]
 73060 | Lair:4   | Gained mutation: Your flesh is cold resistant. (rC+)
                  | [potion of mutation]
 73060 | Lair:4   | Gained mutation: You have large cloven feet. [potion of
                  | mutation]
 73060 | Lair:4   | Gained mutation: You are somewhat resistant to further
                  | mutation. [potion of mutation]
 73061 | Lair:4   | Lost mutation: You have large cloven feet. [potion of
                  | mutation]
 73061 | Lair:4   | Lost mutation: You are strong-willed. (Will+) [potion of
                  | mutation]
 73061 | Lair:4   | Gained mutation: You are strong-willed. (Will+) [potion of
                  | mutation]
 73337 | Orc:2    | Bought a potion of brilliance for 60 gold pieces
 73337 | Orc:2    | Bought a potion of mutation for 120 gold pieces
 73337 | Orc:2    | Bought a potion of might for 60 gold pieces
 73337 | Orc:2    | Bought a potion of resistance for 150 gold pieces
 73337 | Orc:2    | Bought a potion of curing for 45 gold pieces
 73337 | Orc:2    | Bought a potion of heal wounds for 75 gold pieces
 73346 | Orc:2    | Bought a scroll of teleportation for 45 gold pieces
 73346 | Orc:2    | Bought a scroll of teleportation for 45 gold pieces
 73490 | D:9      | Bought a scroll of vulnerability for 112 gold pieces
 73490 | D:9      | Bought a scroll of teleportation for 84 gold pieces
 73490 | D:9      | Bought a scroll of vulnerability for 112 gold pieces
 73490 | D:9      | Lost mutation: You are somewhat resistant to further
                  | mutation. [potion of mutation]
 73490 | D:9      | Lost mutation: Your flesh is cold resistant. (rC+) [potion
                  | of mutation]
 73490 | D:9      | Gained mutation: You occasionally shout uncontrollably at
                  | your foes. [potion of mutation]
 73490 | D:9      | Gained mutation: You do not regenerate when monsters are
                  | visible. [potion of mutation]
 73895 | Zot:5    | Noticed a Killer Klown
 73897 | Zot:5    | Killed a Killer Klown
 73902 | Zot:5    | Killed a Killer Klown
 73953 | Zot:5    | Noticed a curse toe
 73957 | Zot:5    | Killed a curse toe
 74111 | Zot:5    | Noticed a Killer Klown
 74112 | Zot:5    | Noticed a dread lich
 74115 | Zot:5    | Killed a dread lich
 74116 | Zot:5    | Killed a Killer Klown
 74126 | Zot:5    | Killed an orb of fire
 74391 | Zot:5    | Killed a Killer Klown
 74397 | Zot:5    | Killed an ancient lich
 74400 | Zot:5    | Killed a dread lich
 74452 | Zot:5    | Noticed a Killer Klown
 74458 | Zot:5    | Killed a Killer Klown
 74470 | Zot:5    | Killed a Killer Klown
 74471 | Zot:5    | Reached skill level 15 in Shields
 74700 | Zot:5    | Reached XP level 27. HP: 181/224 MP: 7/47
 75100 | Zot:5    | Got the Orb of Zot
 75687 | D:$      | Escaped with the Orb!

Illustrated notes

Levels and vault maps discovered:
D:1:      minmay_arrival_arboretum_small, layout_rooms,
          nicolae_nh_oracle_at_delphi
D:2:      layout_rooms, serial_glass, glass_columns_b, glass_columns_b,
          serial_shops, nicolae_lakefront_shop, kennysheep_decorative_pillar,
          uniq_jessica, uniq_sigmund
D:3:      layout_basic
D:4:      layout_cave_pools, minmay_temple_entry_tees, kennysheep_generic_room_3
D:5:      layout_cave_pools, lemuel_round_altar, nicolae_ashenzari_skybound,
          uniq_eustachio
D:6:      layout_gridville, minmay_fractal_squares_gapless_5
D:7:      layout_basic, serial_park_tiny_2
D:8:      layout_gridville, old_standard_altar, kennysheep_mini_moat,
          hangedman_decor_opposing, uniq_joseph, uniq_amaemon
D:9:      layout_rooms, erik_lair_dragon, enter_bailey_3, serial_shops,
          kennysheep_mini
D:10:     layout_roguey, nicolae_overflow_hidden_temple,
          nicolae_trove_entry_crystal
D:11:     layout_loops_ring, gauntlet_entry_generic, statue_in_the_mist_lemuel
D:12:     layout_basic, zombieorc2_lemuel, minivault_25
D:13:     layout_gridville, david_vaults_2, hellmonk_guarded_unrand_salamander
D:14:     layout_basic, nicolae_ru_the_path_less_chosen, minmay_misc_feat_rugged
D:15:     hangedman_depths_entry_civil_slaughter, layout_layer_cave,
          nicolae_qazlal_general_emergency, grunt_ministairs_8,
          nicolae_hepliaklqana_monster_ancestors, uniq_jorgrun, uniq_azrael
Temple:   nicolae_temple_elliptical
Lair:1:   layout_chaotic_city, minmay_hedge_maze, minivault_27,
          beast_lair_carwin_8
Lair:2:   layout_long_grid, skrybe_swamp_entry_bodies, uniq_urug
Lair:3:   layout_misc_corridors, hellmonk_spider_entry_not_the_bees,
          portal_ice_cave_entry_pillars_2, infiniplex_staircase_pool_2,
          grunt_megastairs_1
Lair:4:   layout_hall_layers, slime_entry_1, grunt_megastairs_3,
          lemuel_fruit_tree
Lair:5:   hellmonk_lair_end_abyssal_woods, layout_regular_city
Swamp:1:  layout_basic_swamp, evilmike_swamp_ruin_wall, swamp_pool3
Swamp:2:  layout_falls_marsh, evilmike_swamp_ruin_rubble_2,
          nicolae_swamp_snake_nest
Swamp:3:  nicolae_swamp_long_stream, layout_falls_marsh, gammafunk_ghost_arena,
          nicolae_swamp_little_tower
Swamp:4:  swamp_old_school, layout_basic_swamp, swamp_pool4,
          nicolae_swamp_treefoil, uniq_aizul, uniq_mlioglotl
Spider:1: layout_spider_delve, drop_trap, uniq_rupert
Spider:2: layout_cave_pods
Spider:3: layout_cave_pods, nicolae_spider_not_touching_you
Spider:4: spider_rune_water, nicolae_spider_altar_of_dancing
Slime:1:  layout_caves
Slime:2:  layout_caves
Slime:3:  cheibrodos_slime_lost_civilization_3, layout_caves,
          nicolae_slime_phagocytosis
Slime:4:  layout_caves
Slime:5
Orc:1:    layout_caves
Orc:2:    st_orc_town, layout_caves, basic_altar, uniq_josephine
Elf:1:    eino_elf_arrival_altar, layout_loops_ring, serial_shops, shop,
          nicolae_diamond_shop, shop, shop, minmay_elf_crystal_heptagon,
          ebering_dispersal_statue_hall, uniq_frances
Elf:2:    nicolae_elf_blades_crystal_corner, layout_rooms,
          serial_sigils_hangedman_writhe, drop_trap, wad_dig_loot
Elf:3:    minmay_elf_hall_spiked, layout_geoelf_octagon, nicolae_wwwww,
          uniq_bai_suzhen
Vaults:1: portal_desolation_entry_salt, vaults_room_pools, grunt_vaults_bifocal,
          nicolae_vaults_big_ls, nicolae_vaults_little_squares_1,
          nicolae_vaults_shelves_hall, nicolae_vaults_specimen_jars, v_misc_2,
          layout_vaults_quadrants
Depths:1: layout_honeycomb, enter_ziggurat_f, hellmouth_3, mu_enter_wizlab_1,
          serial_nicolae_subway, nicolae_sub_station_crystal,
          nicolae_sub_station_stone, nicolae_sub_station_metal
Depths:2: minmay_the_grid_square_5x5_5x5 [minmay_the_grid_square_5x5_gyroscope,
          minmay_the_grid_square_5x5_two_walls_a,
          minmay_the_grid_square_5x5_checkered_statues,
          minmay_the_grid_square_5x5_inner_i,
          minmay_the_grid_square_5x5_shrine2,
          minmay_the_grid_square_5x5_trominoes,
          minmay_the_grid_square_5x5_prize_rear_guard,
          minmay_the_grid_square_5x5_dogpile,
          minmay_the_grid_square_5x5_prize_open,
          minmay_the_grid_square_5x5_corner,
          minmay_the_grid_square_5x5_sharp_hourglass,
          minmay_the_grid_square_5x5_almost_minimal,
          minmay_the_grid_square_5x5_prize_open,
          minmay_the_grid_square_5x5_checkered_sparse,
          minmay_the_grid_square_5x5_meh, minmay_the_grid_square_5x5_three,
          minmay_the_grid_square_5x5_prize_itemx,
          minmay_the_grid_square_5x5_spiral,
          minmay_the_grid_square_5x5_prize_monsterx,
          minmay_the_grid_square_5x5_fat_x, minmay_the_grid_square_5x5_two,
          minmay_the_grid_square_5x5_three_small,
          minmay_the_grid_square_5x5_empty, minmay_the_grid_square_5x5_longway,
          minmay_the_grid_square_5x5_c], layout_basic, hellmouth_1,
          chequers_serial_rivers_room_b, abyss_entry, serial_corexii_hall,
          chequers_hall_statues_y, corexii_hall_statues_l,
          corexii_hall_statues_i, chequers_hall_statues_wall_a,
          corexii_hall_statues_i, chequers_hall_statues_corner_a, pan_entry,
          feat_on_display, uniq_sojobo
Depths:3: minmay_firetagon, layout_honeycomb, cheibriados_altar_1, abyss_entry,
          pf_hell_entry_great_geh, minivault_15, uniq_xtahua
Depths:4: evilmike_zot_entry_basic, layout_gridlike, hell_entry,
          nicolae_shop_gadgets, infiniplex_staircase_pool_lava
Zot:1:    layout_cellular_growth, basic_altar
Zot:2:    layout_gridlike
Zot:3:    lemuel_halls_of_wrath, layout_gridlike, basic_altar,
          grunt_ministairs_12
Zot:4:    layout_basic
Zot:5:    layout_gridville

Skill      XL: |  1  2  3  4  5  6  7  8  9 10 11 12 13 14 15 16 17 18 19 20 21 22 23 24 25 26 |
---------------+-------------------------------------------------------------------------------+-----
Conjurations   | 1 2 4 5 6 8 9 |  9.1
Ice Magic      | 1 4 5 6 7 8 9 12 14 16 19 20 21 | 21.6
Air Magic      | 3 5 6 8 9 |  9.0
Spellcasting   | 4 5 6 9 11 12 13 14 | 14.7
Necromancy     | 6 8 |  8.2
Fighting       | 4 5 10 11 12 13 14 | 14.1
Dodging        | 7 9 12 13 14 | 14.5
Evocations     | 6 10 12 | 12.0
Armour         | 10 11 12 13 14 | 14.2
Shields        | 9 11 12 13 14 15 | 15.3
Staves         | 3 4 8 |  8.4
Translocations | 6 |  6.9
Stealth        | 2 14 16 | 16.4

Action                     |  1- 3 |  4- 6 |  7- 9 | 10-12 | 13-15 | 16-18 | 19-21 | 22-24 | 25-27 || total
---------------------------+-------+-------+-------+-------+-------+-------+-------+-------+-------++-------
  Melee: Hand axe          |    28 |     1 |    53 |    20 |       |       |       |       |       ||   102
         Punch             |       |       |     3 |     2 |       |       |       |       |       ||     5
         Demon whip        |       |       |       |    60 |       |       |       |       |       ||    60
         Staff             |       |       |       |    31 |   160 |    55 |    66 |    78 |    47 ||   437
  Throw: Dart              |       |       |       |       |     1 |     1 |       |       |       ||     2
   Cast: Momentum Strike   |     7 |       |     4 |     5 |     1 |       |       |       |       ||    17
         Searing Ray       |    11 |    26 |    34 |    31 |    12 |       |       |       |       ||   114
         Frozen Ramparts   |       |     2 |    17 |    36 |    24 |     2 |       |       |       ||    81
         Freezing Cloud    |       |       |     1 |    64 |    59 |    28 |    16 |     3 |     5 ||   176
         Dispel Undead     |       |       |       |    18 |    17 |    20 |    10 |     6 |    13 ||    84
         Simulacrum        |       |       |       |     2 |    23 |     1 |       |       |       ||    26
         Ozocubu's Armour  |       |       |       |       |    12 |     9 |     3 |     8 |     1 ||    33
         Ozocubu's Refrige |       |       |       |       |   119 |   281 |   254 |   186 |   105 ||   945
         Sublimation of Bl |       |       |       |       |       |     4 |    28 |    27 |    42 ||   101
         Polar Vortex      |       |       |       |       |       |     7 |    33 |    58 |    45 ||   143
 Invoke: Curse Item        |       |       |     1 |     6 |     3 |     5 |     4 |     3 |       ||    22
         Shatter the Chain |       |       |       |       |     2 |     4 |     3 |     3 |       ||    12
  Evoke: Wand              |       |       |    10 |     5 |    21 |     7 |     3 |       |     6 ||    52
         Tin of tremorston |       |       |       |       |     3 |     2 |     2 |       |       ||     7
         Condenser vane    |       |       |       |       |       |       |       |     1 |       ||     1
         Box of beasts     |       |       |       |       |       |       |       |     1 |     1 ||     2
         Phantom mirror    |       |       |       |       |       |       |       |       |     1 ||     1
    Use: Scroll            |     2 |     2 |     4 |     4 |     4 |     4 |     7 |     1 |     6 ||    34
         Potion            |       |       |     1 |       |       |     3 |     2 |     2 |    22 ||    30
 Armour: Chain mail        |     7 |       |       |       |       |       |       |       |       ||     7
         Robe              |     6 |     9 |    59 |    39 |    77 |     7 |       |       |       ||   197
         Leather armour    |       |       |       |       |       |    16 |       |       |       ||    16
         Pearl dragon scal |       |       |       |       |       |    65 |    79 |   104 |    61 ||   309
  Dodge: Dodged            |    24 |     9 |    85 |    87 |   157 |    64 |    38 |    53 |    35 ||   552
  Block: Other             |       |       |    32 |    25 |       |       |       |       |       ||    57
         Reflection        |       |       |       |     8 |     1 |     1 |    13 |     1 |       ||    24
         Orb               |       |       |       |     9 |    47 |    34 |     3 |       |       ||    93
         Kite shield       |       |       |       |       |       |       |    83 |    87 |    86 ||   256

Table legend: (Time is in decaauts)
 A = Elapsed time spent in this place.
 B = Non-inter-level travel time spent in this place.
 C = Inter-level travel time spent in this place.
 D = Time resting spent in this place.
 E = Time spent auto-exploring this place.
 F = Levels seen in this place.
 G = Mean time per level.
                   A        B        C        D        E       F      G
               +--------+--------+--------+--------+--------+-----+--------+
         Total |  76222 |  68560 |   7662 |  10512 |  48164 |  54 | 1411.5 |
       Dungeon |  23197 |  18760 |   4437 |   2611 |  13601 |  15 | 1546.5 |
        Temple |    214 |    180 |     34 |      0 |    128 |   1 |  214.0 |
          Lair |   7893 |   6903 |    990 |    517 |   5554 |   5 | 1578.6 |
         Swamp |   6324 |   6187 |    137 |    108 |   5638 |   4 | 1581.0 |
   Spider Nest |   8936 |   8537 |    399 |   1468 |   6374 |   4 | 2234.0 |
    Slime Pits |   1129 |   1039 |     90 |    486 |    278 |   5 |  225.8 |
  Orcish Mines |   4220 |   3676 |    544 |   1233 |   2129 |   2 | 2110.0 |
   Elven Halls |   5568 |   5275 |    293 |    778 |   3790 |   3 | 1856.0 |
        Vaults |   2002 |   1925 |     77 |    110 |   1590 |   1 | 2002.0 |
        Depths |   6805 |   6467 |    338 |    525 |   4963 |   4 | 1701.2 |
           Zot |   4137 |   3818 |    319 |   1320 |   1288 |   5 |  827.4 |
        Bailey |    980 |    980 |      0 |    107 |    549 |   1 |  980.0 |
      Ice Cave |   1839 |   1839 |      0 |    371 |   1001 |   1 | 1839.0 |
        Wizlab |    825 |    825 |      0 |     71 |    493 |   1 |  825.0 |
    Desolation |   1201 |   1201 |      0 |    442 |    401 |   1 | 1201.0 |
      Gauntlet |    945 |    945 |      0 |    365 |    383 |   1 |  945.0 |
               +--------+--------+--------+--------+--------+-----+--------+

Top non-repeatable levels by time:
   Orc:2: 2706 daAuts
    D:15: 2633 daAuts
     D:9: 2581 daAuts
 Swamp:4: 2440 daAuts
Spider:4: 2434 daAuts
Spider:3: 2260 daAuts
Spider:2: 2236 daAuts
   Zot:5: 2202 daAuts
  Lair:5: 2171 daAuts
   Elf:3: 2140 daAuts
    D:13: 2097 daAuts
Depths:2: 2079 daAuts
Spider:1: 2006 daAuts
Vaults:1: 2002 daAuts
   Elf:1: 1990 daAuts
